 Dungeon Crawl Stone Soup version 0.21-a0-529-g8c7b3f5 (webtiles) character file.

5202 Ghella the Cleaver (level 10, -6/56 HPs)
             Began as a Gargoyle Fighter on Dec 9, 2017.
             Was a Priest of Okawaru.
             Splashed by Maurice's acid (18 damage)
             ... on level 9 of the Dungeon.
             The game lasted 00:19:26 (7845 turns).

Ghella the Cleaver (Gargoyle Fighter)               Turns: 7845, Time: 00:19:28

Health: -6/56      AC: 15    Str: 24    XL:     10   Next: 60%
Magic:  10/10      EV:  3    Int: 12    God:    Okawaru [***...]
Gold:   356        SH: 21    Dex: 13    Spells: 9/9 levels left

rFire    . . .     SeeInvis .   x - +2 war axe (elec)
rCold    . . .     Gourm    .   M - +2 large shield
rNeg     + . .     Faith    .   O - +0 plate armour
rPois    ∞         Spirit   .   D - +0 helmet
rElec    +         Reflect  +   (no cloak)
rCorr    .         Harm     .   (no gloves)
MR       .....                  Q - +0 pair of boots
Stlth    ..........             H - +3 amulet of reflection
HPRegen  0.18/turn              s - ring of stealth
MPRegen  0.12/turn              T - +2 ring of strength

@: corroded
A: thin skeletal structure 1, agile 1, clever 1, frail 1, negative energy
resistance 1, electricity resistance, unbreathing, evolution 1, petrification
resistance, rot immunity, AC +7
a: Heroism, Renounce Religion


You were on level 9 of the Dungeon.
You worshipped Okawaru.
Okawaru was most pleased with you.
You were hungry.

You visited 2 branches of the dungeon, and saw 10 of its levels.

You collected 414 gold pieces.
You spent 58 gold pieces at shops.

Inventory:

Hand Weapons
 a - a +0 flail
 x - a +2 war axe of electrocution (weapon)
Armour
 D - a +0 helmet (worn)
 M - a +2 large shield (worn)
 O - a +0 plate armour (worn)
 Q - a +0 pair of boots (worn)
Jewellery
 n - an uncursed amulet of regeneration
 r - a +2 amulet of reflection
 s - a ring of stealth (left hand)
 B - an uncursed amulet of harm
 H - a +3 amulet of reflection (around neck)
 R - an uncursed ring of fire
 S - a +2 amulet of reflection
 T - a +2 ring of strength (right hand)
Wands
 t - a wand of iceblast (3)
 E - a wand of random effects (30)
Scrolls
 b - a scroll of holy word {unknown}
 c - a scroll of magic mapping
 e - 3 scrolls of teleportation
 j - 6 scrolls of enchant armour
 m - 3 scrolls of remove curse
 o - 2 scrolls of fear
Potions
 d - 3 potions of might
 g - 2 potions of mutation
 h - a potion of invisibility {unknown}
 q - 4 potions of curing
 u - 2 potions of magic
 w - a potion of haste
 z - a potion of agility
 A - a potion of degeneration {unknown}
 C - a potion of flight
 F - 3 potions of lignification
 K - 2 potions of heal wounds
 P - a potion of cancellation {unknown}
Books
 J - a book of Changes

   Spells                             Type                      Level
   a - Beastly Appendage              Transmutation                1
   b - Sticks to Snakes               Transmutation                2
   c - Spider Form                    Transmutation/Poison         3
   d - Ice Form                       Ice/Transmutation            4
   e - Blade Hands                    Transmutation                5
 L - a book of Cantrips

   Spells                             Type                      Level
   a - Confusing Touch                Hexes                        1
   b - Animate Skeleton               Necromancy                   1
   c - Summon Small Mammal            Summoning                    1
   d - Apportation                    Translocation                1
 N - a book of Minor Magic

   Spells                             Type                      Level
   a - Magic Dart                     Conjuration                  1
   b - Blink                          Translocation                2
   c - Call Imp                       Summoning                    2
   d - Slow                           Hexes                        2
   e - Conjure Flame                  Conjuration/Fire             3
   f - Mephitic Cloud                 Conjuration/Poison/Air       3
Comestibles
 f - 2 bread rations
 l - 5 royal jellies
 p - 10 fruits
 v - 5 meat rations


   Skills:
 + Level 7.0 Fighting
 + Level 9.0(9.6) Axes
 + Level 5.6(8.4) Maces & Flails
 * Level 8.4 Armour
 + Level 7.0 Shields


You had 9 spell levels left.
You didn't know any spells.

Dungeon Overview and Level Annotations

Branches:
Dungeon (9/15)             Temple (1/1) D:5            Lair (0/6) D:8
    Orc: D:9-12

Altars:
Ashenzari
Cheibriados
Dithmenos
Elyvilon
Fedhas
Gozag
Hepliaklqana
Kikubaaqudgha
Makhleb
Nemelex Xobeh
Okawaru
Qazlal
Ru
Sif Muna
Trog
Uskayaw
Vehumet
Wu Jian
Xom
Yredelemnul
Zin
The Shining One

Shops:
D:6 =   D:8 =*(([

Annotations:
D:9 Maurice


Innate Abilities, Weirdness & Mutations

You are resistant to torment.
Your stone body is resilient. (AC +7)
You are immune to poison.
You resist negative energy. (rN+)
You are resistant to electric shocks. (rElec)
You can survive without breathing.
You are immune to petrification.
You are immune to rotting.
You have a somewhat thin skeletal structure. (Dex +2, Stealth)
You are agile. (Dex +2)
Your mind is acute. (Int +2)
You are frail. (-10% HP)
You evolve.


Message History

You hit something. Lightning courses through something!
You hear a zap.
A bolt of acid appears from out of thin air!
The bolt of acid hits you! The acid corrodes you!
You are splashed with acid!
The acid burns!
You miss something. You slash the hound! You block the hound's attack.
You hear some strange, mumbled words.
You block the hound's attack.
You slash something! You hit the hound.
You kill the hound!
Okawaru accepts your kill.
You hear a zap.
A bolt of acid appears from out of thin air!
The bolt of acid misses you.
You hear a zap.
A bolt of acid appears from out of thin air!
The bolt of acid hits you!
* * * LOW HITPOINT WARNING * * *
The acid corrodes you!
You are splashed with acid!
The acid burns!
You die...

##.###.#..#.<. ###.#
#.#..#..## #...#
#........ #(###
###.#..# #.# ##.#..#
#)######.....#
##)#..........######
#.)).####...........
.....(...#
#.#.@{#####
..#.#...##
####........ #.##.##
#..###### # #.#
#...# #.# #..... ...
#...... ... #..#####
#..#


There were no monsters in sight!

Vanquished Creatures
  A two-headed ogre (D:9)
  Pikel (D:5)
  A hornet (D:8)
  A wyvern (D:7)
  Eustachio (D:5)
  2 ice beasts
  A sky beast (D:4)
  3 orc warriors
  A phantom (D:6)
  A black bear (D:9)
  4 slaves (D:5)
  4 ogres
  3 centaurs
  3 bullfrogs
  A wyvern skeleton (D:6)
  2 scorpions
  6 wights
  5 crimson imps
  2 jellies
  A quasit (D:4)
  4 bullfrog skeletons
  A centaur zombie (D:7)
  4 hounds
  14 orc wizards
  2 centaur skeletons
  A gnoll shaman (D:6)
  Terence (D:2)
  Jessica (D:3)
  An iguana (D:7)
  6 worker ants
  2 worker ant zombies
  5 gnolls (D:6)
  15 adders
  An ooze (D:2)
  An adder zombie (D:4)
  2 adder skeletons
  3 worms
  3 dart slugs
  4 leopard geckos
  28 orcs
  3 ball pythons
  6 giant cockroaches
  6 goblins
  8 hobgoblins
  15 jackals
  7 kobolds
  5 quokkas
  5 bats
  7 frilled lizards
  A jackal zombie (D:7)
  2 leopard gecko skeletons (D:4)
  15 rats
  A plant (D:8)
224 creatures vanquished.

Vanquished Creatures (others)
  2 centaurs
  An orc wizard (D:7)
3 creatures vanquished.

Grand Total: 227 creatures vanquished

Notes
Turn   | Place    | Note
-------+----------+-------------------------------------------
     0 | D:1      | Ghella the Gargoyle Fighter began the quest for the Orb.
     0 | D:1      | Reached XP level 1. HP: 14/14 MP: 1/1
   174 | D:1      | Reached XP level 2. HP: 18/19 MP: 2/2
   559 | D:1      | Reached XP level 3. HP: 23/24 MP: 3/3
  1235 | D:2      | Reached XP level 4. HP: 29/29 MP: 4/4
  1766 | D:2      | Reached XP level 5. HP: 31/33 MP: 5/5
  1979 | D:2      | Noticed a centaur
  1985 | D:2      | Killed a centaur
  1992 | D:2      | Noticed Terence
  2002 | D:2      | Killed Terence
  2002 | D:2      | Reached XP level 6. HP: 38/39 MP: 6/6
  2430 | D:3      | Noticed Jessica
  2444 | D:3      | Killed Jessica
  2444 | D:3      | Reached skill level 5 in Maces & Flails
  2998 | D:4      | Reached skill level 1 in Axes
  2998 | D:4      | Reached XP level 7. HP: 41/44 MP: 7/7
  3174 | D:4      | Reached skill level 5 in Armour
  3285 | D:4      | Reached skill level 2 in Axes
  3378 | D:4      | Reached skill level 5 in Fighting
  3525 | D:4      | Reached skill level 3 in Axes
  3530 | D:5      | Entered Level 5 of the Dungeon
  3537 | D:5      | Noticed Eustachio
  3544 | D:5      | Killed Eustachio
  3544 | D:5      | Reached XP level 8. HP: 46/49 MP: 8/8
  3564 | D:5      | Found a staircase to the Ecumenical Temple.
  3574 | D:5      | Reached skill level 4 in Axes
  3583 | Temple   | Entered the Ecumenical Temple
  3739 | Temple   | Became a worshipper of Warmaster Okawaru
  4188 | D:5      | Noticed Pikel
  4198 | D:5      | Killed Pikel
  4198 | D:5      | Reached skill level 5 in Axes
  4749 | D:6      | Found a burning altar of Makhleb.
  4749 | D:6      | Noticed a balrug
  4754 | D:6      | Noticed a smoke demon
  4754 | D:6      | Noticed a ynoxinul
  4778 | D:6      | Reached skill level 6 in Axes
  4778 | D:6      | Reached XP level 9. HP: 46/55 MP: 9/9
  5405 | D:6      | Reached * piety under Okawaru
  5518 | D:6      | Reached skill level 7 in Axes
  5561 | D:6      | Gained mutation: You are agile. (Dex +2) [potion of mutation]
  5561 | D:6      | Gained mutation: You evolve. [potion of mutation]
  5561 | D:6      | Gained mutation: Your mind is acute. (Int +2) [potion of mutation]
  5561 | D:6      | Gained mutation: You have a somewhat thin skeletal structure. (Dex +2, Stealth) [potion of mutation]
  5590 | D:6      | Identified the +1 leather armour of Joy {*Corrode rF++ MR+ Regen+} (You took it off a gnoll on level 6 of the Dungeon)
  5791 | D:6      | Found Abudoxuyc's Jewellery Boutique.
  6136 | D:7      | Reached ** piety under Okawaru
  6212 | D:7      | Reached skill level 5 in Shields
  6388 | D:7      | Reached skill level 8 in Axes
  6523 | D:8      | Found Tidwuom's Jewellery Emporium.
  6529 | D:7      | Reached XP level 10. HP: 61/61 MP: 10/10
  6720 | D:8      | Found Noyblalu's Weapon Boutique.
  6737 | D:8      | Found a staircase to the Lair.
  6921 | D:8      | Found Ytorirchot's Antique Weapon Shoppe.
  6949 | D:8      | Found Geher's Armour Shop.
  6952 | D:8      | Bought a +0 pair of boots for 58 gold pieces
  7039 | D:8      | Found Neaxzun's Assorted Antiques.
  7671 | D:9      | Gained mutation: You are frail. (-10% HP) [evolution]
  7708 | D:9      | Noticed a two-headed ogre
  7715 | D:9      | Killed a two-headed ogre
  7715 | D:9      | Reached *** piety under Okawaru
  7836 | D:9      | Noticed Maurice
  7840 | D:9      | Reached skill level 9 in Axes
  7845 | D:9      | Splashed by Maurice's acid

Vault maps used:
D:1:      sevenhm_arrival_forest_fort_large_3
D:2:      minmay_distorted, uniq_terence
D:3:      serial_corexii_hall, corexii_hall_statues_x, corexii_hall_statues_i,
          uniq_jessica
D:5:      minmay_temple_entry_grid, first_bread, uniq_eustachio, uniq_pikel
D:6:      makhleb_altar_promises_db, serial_shops, kennysheep_mini_moat,
          minmay_a_box_with_orc_wizards_in_it
D:8:      lair_entry_dummy, serial_shops, shop, shop,
          nicolae_shop_overgrown_old_shop, shop, nicolae_shop_behind_doors
D:9:      basic_altar, grunt_ogre_cave, uniq_maurice
Temple:   kilobyte_greek_temple

Skill      XL: |  1  2  3  4  5  6  7  8  9 10 |
---------------+-------------------------------+-----
Maces & Flails | 3 4 5 |  5.6
Armour         | 4 5 6 7 8 |  8.4
Fighting       | 4 5 6 7 |  7.0
Axes           | 1 3 6 8 9 |  9.0
Shields        | 5 7 |  7.0

Action                   |  1- 3 |  4- 6 |  7- 9 | 10-12 || total
-------------------------+-------+-------+-------+-------++-------
Melee: Flail             |   129 |   192 |       |       ||   321
       War axe           |       |    59 |   305 |   115 ||   479
  Use: Scroll            |       |       |     8 |    10 ||    18
       Potion            |       |       |     2 |     3 ||     5
  Eat: Chunk             |     1 |     6 |    12 |     4 ||    23
Armor: Scale mail        |    60 |   110 |   154 |       ||   324
       Plate armour      |       |       |     6 |    30 ||    36
Dodge: Dodged            |    35 |    65 |    67 |     9 ||   176
Block: Shield            |    81 |   149 |    90 |       ||   320
       Reflection        |       |     2 |    10 |     7 ||    19
       Large shield      |       |       |   145 |   109 ||   254

Table legend:
 A = Spawn XP
 B = Non-spawn XP
 C = Spawn XP percentage of total XP
 D = Spawn monster count
 E = Non-spawn monster count
 F = Spawn count percentage of total count
 G = Total turns spent on level
                    A         B        C        D         E        F      G
               +---------+---------+-------+---------+---------+-------+---------
         Total |       0 |    7432 |   0.0 |       0 |     222 |   0.0 |  7845
               +---------+---------+-------+---------+---------+-------+---------
           D:1 |       0 |      47 |   0.0 |       0 |      27 |   0.0 |  1057
           D:2 |       0 |     288 |   0.0 |       0 |      34 |   0.0 |  1237
           D:3 |       0 |     154 |   0.0 |       0 |      29 |   0.0 |   593
           D:4 |       0 |     609 |   0.0 |       0 |      27 |   0.0 |   643
           D:5 |       0 |    1015 |   0.0 |       0 |      13 |   0.0 |  1001
           D:6 |       0 |    1400 |   0.0 |       0 |      29 |   0.0 |  1081
           D:7 |       0 |    1407 |   0.0 |       0 |      29 |   0.0 |   778
           D:8 |       0 |     904 |   0.0 |       0 |      17 |   0.0 |  1030
           D:9 |       0 |    1608 |   0.0 |       0 |      17 |   0.0 |   228
               +---------+---------+-------+---------+---------+-------+---------
